 Dungeon Crawl Stone Soup version 0.28.0-43-g3370ac3207 (webtiles) character file.

Game seed: 12227188883128858008

7724 tizbic2 the Artisan of Death (level 11, -3/96 HPs)
             Began as a Deep Dwarf Necromancer on Mar 19, 2022.
             Was a Priest of Kikubaaqudgha.
             Slain by a blink frog (12 damage)
             ... on level 1 of the Lair of Beasts.
             The game lasted 00:51:20 (9302 turns).

tizbic2 the Artisan of Death (DDNe)                 Turns: 9302, Time: 00:51:20

Health: -3/96      AC: 13    Str: 13    XL:     11   Next: 0%
Magic:  14/19      EV:  9    Int: 14    God:    Kikubaaqudgha [***...]
Gold:   322        SH: 14    Dex: 13    Spells: 8/25 levels left

rFire   + + +      SeeInvis .   o - +2 war axe (freeze)
rCold   + + .      Faith    .   A - +5 kite shield
rNeg    . . .      Spirit   .   j - +4 ring mail of Circular Logic {rF++ Will++ Int-5}
rPois   .          Reflect  .   g - +1 helmet
rElec   .          Harm     .   C - scarf {rC+ rF+}
rCorr   .          Rampage  .   (no gloves)
Will    +++..                   K - +0 pair of boots
Stlth   +.........              (no amulet)
HPRegen 0.00/turn               h - ring of protection from cold
MPRegen 0.16/turn               f - ring of protection from fire

@: no status effects
A: damage resistance, heal wounds, sense surroundings 2, no regeneration
a: Heal Wounds, Renounce Religion, Receive Corpses


You were on level 1 of the Lair of Beasts.
You worshipped Kikubaaqudgha.
Kikubaaqudgha was most pleased with you.
You visited 3 branches of the dungeon, and saw 11 of its levels.
You also visited: Ossuary.

You collected 412 gold pieces.
You spent 90 gold pieces at shops.

Inventory:

Hand Weapons
 o - a +2 war axe of freezing (weapon)
 H - a +5 flail of flaming
Missiles
 b - 283 stones (quivered)
 e - 8 javelins
 q - 7 boomerangs
 r - a curare-tipped dart
Armour
 g - a +1 helmet (worn)
 j - the +4 ring mail of Circular Logic (worn) {rF++ Will++ Int-5}
   (You found it on level 2 of the Dungeon)

   Int:       It affects your intelligence (-5).
   rF:        It greatly protects you from fire.
   Will:      It greatly increases your willpower.
 v - a +0 hat of see invisible
 A - a +5 kite shield (worn)
 C - a scarf of resistance (worn)
 G - a +0 cloak
 K - a +0 pair of boots (worn)
Jewellery
 f - a ring of protection from fire (right hand)
 h - a ring of protection from cold (left hand)
Wands
 a - a wand of paralysis (7)
 c - a wand of charming (10)
 d - a wand of acid (10)
 k - a wand of polymorph (7)
 p - a wand of flame (3)
 y - a wand of digging (1)
 J - a wand of iceblast (7)
Scrolls
 i - a scroll of fear
 m - 3 scrolls of teleportation
 s - a scroll of blinking
 D - a scroll of identify
 E - a scroll of fog
 I - a scroll of noise
 L - a scroll of immolation {unknown}
Potions
 l - a potion of mutation {unknown}
 n - a potion of lignification
 t - 3 potions of brilliance {unknown}
 u - 3 potions of curing {unknown}
 w - 2 potions of resistance
 x - a potion of flight {unknown}
 z - a potion of might {unknown}
 B - a potion of magic {unknown}
 F - a potion of haste {unknown}


   Skills:
 + Level 5.4 Fighting
 - Level 6.3(6.7) Axes
 * Level 2.9(4.7) Maces & Flails
 + Level 6.0 Armour
 - Level 2.1 Dodging
 - Level 2.4 Stealth
 * Level 6.0 Shields
 * Level 7.5 Spellcasting
 + Level 9.7 Necromancy
 + Level 1.7 Ice Magic


You had 8 spell levels left.
You knew the following spells:

 Your Spells              Type           Power      Damage    Failure   Level
a - Pain                  Necr           100%       1d9       1%          1
b - Vampiric Draining     Necr           32%        2d8       3%          3
c - Animate Dead          Necr           16%        N/A       13%         4
d - Agony                 Necr           32%        N/A       34%         5
e - Dispel Undead         Necr           32%        3d14      13%         4

Your spell library contained the following spells:

 Spells                   Type           Power      Damage    Failure   Level
 Animate Skeleton         Necr           64%        N/A       1%          1
 Magic Dart               Conj           20%        1d4       58%         1
 Anguish                  Hex/Necr       9%         N/A       67%         4
 Searing Ray              Conj           10%        2d4       73%         2
 Borgnjor's Vile Clutch   Necr/Erth      9%         N/A       95%         5
 Fulminant Prism          Conj/Hex       2%         3d6       100%        4
 Simulacrum               Ice/Necr       10%        N/A       100%        6


Dungeon Overview and Level Annotations

Branches:
Dungeon (9/15)             Temple (1/1) D:5            Lair (1/6) D:9
Ossuary (visited)
    Orc: D:9-12

Altars:
Ashenzari
Cheibriados
Dithmenos
Elyvilon
Fedhas
Hepliaklqana
Kikubaaqudgha
Makhleb
Nemelex Xobeh
Okawaru
Qazlal
Ru
Trog
Uskayaw
Vehumet
Wu Jian
Xom
Yredelemnul
Zin
The Shining One

Shops:
D:2 [   D:8 **


Innate Abilities, Weirdness & Mutations

You are resistant to damage.
You can heal yourself by infusing magical energy.
You passively map the area around you.
You do not regenerate.


Message History

You hit the blink frog. You freeze the blink frog.
The blink frog is moderately wounded.
You block the blink frog's attack.
You slash the blink frog! You freeze the blink frog.
The blink frog is heavily wounded.
You hit the blink frog but do no damage.
You hit the blink frog.
The blink frog seems to slow down.
You freeze the blink frog. You block the blink frog's attack.
The blink frog hits you but does no damage.
You block the blink frog's attack.
The blink frog blinks!
You block the blink frog's attack.
You slash the blink frog!
The blink frog seems to slow down.
You freeze the blink frog.
The blink frog is severely wounded.
You hit the blink frog. You freeze the blink frog.
You closely miss the blink frog.
The blink frog is no longer moving slowly.
You block the blink frog's attack. The blink frog hits you!
* * * LOW HITPOINT WARNING * * *
The blink frog hits you.
* * * LOW HITPOINT WARNING * * *
The blink frog closely misses you.
The blink frog blinks!
You block the blink frog's attack.
Casting: Vampiric Draining (mildly dangerous; 3% risk of failure)
Confirm with . or Enter, or press ? or * to list all spells.
Aiming: Vampiric Draining (mildly dangerous; 3% risk of failure)
Press: ? - help, Shift-Dir - straight line, f - blink frog
Aim: a blink frog You draw life force from the blink frog!
You feel life coursing into your body. You block the blink frog's attack.
The blink frog hits you!
* * * LOW HITPOINT WARNING * * *
The blink frog hits you!
* * * LOW HITPOINT WARNING * * *
The blink frog blinks!
You block the blink frog's attack. The blink frog hits you.
* * * LOW HITPOINT WARNING * * *
The blink frog blinks!
The blink frog hits you!
You die...
Kikubaaqudgha rasps: "You have failed me!
Welcome... death!"

,#...≈≈≈≈≈≈≈≈.# #..
#...,.....≈≈≈≈≈≈≈## #..
#... ......≈).≈.[# #.. * *
#.....#....#.....# ##.. , ,
...........#...§.# #P.. , ,
.................# ##..
......#....#.....# #P.. ,
.......#+###.....# ##..
..§......F@FF....########..
, ,,
...§.......................
*
#############.######.###.##
### ### ###


You could see 3 blink frogs.

Vanquished Creatures
  Gastronok (D:9)
  An ugly thing (D:9)
  Joseph (Lair:1)
  An unseen horror (D:5)
  Maggie (Lair:1)
  A troll (D:8)
  Grinder (D:4)
  4 wyverns (D:9)
  3 water moccasins
  3 black bears
  2 ice beasts
  A necrophage (D:5)
  2 orc warriors (D:9)
  2 wolves (D:9)
  An ogre (D:6)
  A phantom (D:6)
  5 centaurs
  A kobold brigand (D:9)
  3 bullfrogs
  5 scorpions
  A wyvern skeleton (D:7)
  6 killer bees (D:9)
  9 wights
  3 howler monkeys (D:9)
  3 hounds
  4 bullfrog zombies
  2 centaur zombies
  5 orc priests
  A centaur skeleton (D:6)
  A jelly (D:5)
  3 iguanas
  7 orc wizards
  A killer bee zombie (D:6)
  A hound skeleton (D:4)
  4 mummies (Ossuary)
  2 adders
  A shadow imp (D:6)
  4 white imps
  An ufetubus (D:7)
  2 worms
  2 dart slugs
  29 orcs
  14 ball pythons
  12 endoplasms
  5 giant cockroaches
  10 hobgoblins
  4 jackals
  14 kobolds
  4 quokkas (D:1)
  5 bats
  5 frilled lizards
  6 goblins
  4 hobgoblin zombies (Ossuary)
  2 rats
217 creatures vanquished.

Vanquished Creatures (collateral kills)
  A water moccasin (D:9)
  2 centaur zombies (Ossuary)
  An orc priest (D:7)
  A jelly (D:5)
  An iguana (D:9)
  A mummy (Ossuary)
  An orc (D:7)
  A jackal (D:5)
  A hobgoblin zombie (Ossuary)
10 creatures vanquished.

Vanquished Creatures (others)
  7 fungi
  18 plants (D:9)
25 creatures vanquished.

Grand Total: 252 creatures vanquished

Notes
Turn   | Place    | Note
-------+----------+-------------------------------------------
     0 | D:1      | tizbic2 the Deep Dwarf Necromancer began the quest for the
                  | Orb.
     0 | D:1      | Reached XP level 1. HP: 15/15 MP: 3/3
   210 | D:1      | Reached XP level 2. HP: 22/24 MP: 1/4
   566 | D:1      | Reached skill level 1 in Fighting
   656 | D:1      | Reached skill level 5 in Necromancy
   656 | D:1      | Reached XP level 3. HP: 13/31 MP: 2/6
   698 | D:1      | Learned a level 3 spell: Vampiric Draining
  1245 | D:2      | Found Nuv Jico's Antique Armour Shop.
  1568 | D:2      | Identified the +4 ring mail of Circular Logic {rF++ Will++
                  | Int-5}
  1770 | D:2      | Reached XP level 4. HP: 38/38 MP: 0/7
  2068 | D:3      | Found a faded altar of an unknown god.
  2382 | D:3      | Found a stormy altar of Qazlal.
  2815 | D:4      | Reached XP level 5. HP: 43/45 MP: 3/9
  2937 | D:4      | Reached skill level 1 in Axes
  3163 | D:4      | Reached skill level 6 in Necromancy
  3538 | D:4      | Noticed Grinder
  3581 | D:4      | Killed Grinder
  3582 | D:4      | Reached skill level 1 in Armour
  3582 | D:4      | Reached XP level 6. HP: 34/54 MP: 9/11
  3700 | D:5      | Entered Level 5 of the Dungeon
  3715 | D:4      | Reached XP level 7. HP: 45/61 MP: 2/12
  3971 | D:5      | Killed an unseen horror
  3972 | D:5      | Reached skill level 7 in Necromancy
  4061 | D:5      | Found a staircase to the Ecumenical Temple.
  4175 | Temple   | Entered the Ecumenical Temple
  4383 | Temple   | Became a worshipper of Kikubaaqudgha
  4406 | D:5      | Learned a level 4 spell: Animate Dead
  4416 | D:5      | Found an ornate altar of the Wu Jian Council.
  4429 | D:5      | Reached XP level 8. HP: 29/69 MP: 11/14
  4812 | D:5      | Found a radiant altar of Vehumet.
  4813 | D:5      | Found a shadowy altar of Dithmenos.
  5053 | D:6      | Reached skill level 5 in Spellcasting
  5163 | D:6      | Reached skill level 8 in Necromancy
  5168 | D:6      | Reached * piety under Kikubaaqudgha
  5168 | D:6      | Received a gift from Kikubaaqudgha
  5302 | D:6      | Learned a level 5 spell: Agony
  5416 | D:6      | Found a basalt altar of Yredelemnul.
  5804 | D:6      | Gained mutation: You passively map the area around you.
                  | [Deep Dwarf growth]
  5804 | D:6      | Reached XP level 9. HP: 77/78 MP: 10/17
  5960 | D:7      | Found a sand-covered staircase.
  5965 | Ossuary  | Entered an ossuary
  6078 | D:7      | Reached skill level 1 in Shields
  6108 | D:7      | Reached ** piety under Kikubaaqudgha
  6509 | D:8      | Reached skill level 9 in Necromancy
  6600 | D:8      | Found Umucraegue's General Store.
  6718 | D:8      | Bought a scroll of enchant armour for 90 gold pieces
  6808 | D:8      | Found Zin's Purification Station.
  6815 | D:8      | Found a glowing silver altar of Zin.
  6938 | D:8      | Noticed a troll
  6948 | D:8      | Killed a troll
  6949 | D:8      | Reached skill level 5 in Axes
  7431 | D:9      | Found a glowing golden altar of the Shining One.
  7634 | D:9      | Reached skill level 5 in Armour
  7678 | D:9      | Reached XP level 10. HP: 29/87 MP: 7/19
  7913 | D:9      | Reached skill level 5 in Fighting
  8024 | D:9      | Found a staircase to the Lair.
  8073 | D:9      | Found a shimmering altar of Xom.
  8086 | D:9      | Reached *** piety under Kikubaaqudgha
  8086 | D:9      | Received a gift from Kikubaaqudgha
  8100 | D:9      | Learned a level 4 spell: Dispel Undead
  8277 | D:9      | Noticed Gastronok
  8278 | D:9      | Noticed a green ugly thing
  8285 | D:9      | Reached skill level 5 in Shields
  8298 | D:9      | Killed a green ugly thing
  8299 | D:9      | Reached skill level 1 in Maces & Flails
  8339 | D:9      | HP: 1/88 [Gastronok/the air (23)]
  8357 | D:9      | Killed Gastronok
  8358 | D:9      | Reached skill level 1 in Ice Magic
  9104 | Lair:1   | Entered Level 1 of the Lair of Beasts
  9104 | Lair:1   | Noticed Joseph
  9110 | Lair:1   | Noticed Maggie
  9125 | Lair:1   | Killed Maggie
  9142 | Lair:1   | Killed Joseph
  9143 | Lair:1   | Reached XP level 11. HP: 39/96 MP: 2/19
  9302 | Lair:1   | Slain by a blink frog

Illustrated notes

Levels and vault maps discovered:
D:1:      dpeg_arrival_solitude, layout_basic, hangedman_decor_slide_cut
D:2:      layout_loops_ring, serial_shops, nicolae_shop_crystal,
          chequers_arboretum
D:3:      layout_basic, general_overflow_altar,
          shapermc_ecumenical_altar_starsandcircs, kennysheep_donut,
          minmay_shallow_snake_nest
D:4:      layout_loops_ring, uniq_grinder
D:5:      layout_rooms, gammafunk_temple_overflow_statue,
          nzn_wu_jian_council_hall, minmay_temple_entry_enclosed_plants,
          serial_glass, glass_columns_b, glass_columns_b
D:6:      layout_basic, yredelemnul_altar_generic, minmay_circle_x
D:7:      layout_cave_pools, nicolae_ossuary_entry_plus
D:8:      layout_gridville, zin_purify, serial_shops, shop
D:9:      layout_basic, nicolae_overflow_hidden_temple, xom_teletrap_fun,
          minmay_lair_entry_grove, nicolae_zen_rock_garden, uniq_gastronok
Temple:   hc_temple_tempest_star
Lair:1:   dreamdust_labyrinth, layout_chaotic_city, wad_woods_road_02,
          st_stairs_10, infiniplex_staircase_pool_2, lemuel_fruit_fields,
          uniq_maggie, uniq_joseph

Skill      XL: |  1  2  3  4  5  6  7  8  9 10 |
---------------+-------------------------------+-----
Spellcasting   | 2 3 4 5 6 7 |  7.5
Fighting       | 1 2 3 4 5 |  5.4
Necromancy     | 5 6 7 8 9 |  9.7
Axes           | 2 3 4 5 6 |  6.3
Armour         | 1 2 4 5 6 |  6.0
Shields        | 3 6 |  6.0
Maces & Flails | 2 |  2.9
Ice Magic      | 1 |  1.7
Dodging        | |  2.1
Stealth        | |  2.4

Action                   |  1- 3 |  4- 6 |  7- 9 | 10-12 || total
-------------------------+-------+-------+-------+-------++-------
Melee: Club              |    61 |       |       |       ||    61
       Dagger            |    33 |    17 |       |       ||    50
       Punch             |     1 |       |       |       ||     1
       War axe           |       |    73 |   196 |     8 ||   277
       Flail             |       |       |    24 |   133 ||   157
Throw: Javelin           |     3 |       |     5 |       ||     8
       Stone             |    21 |     9 |       |     7 ||    37
       Boomerang         |       |       |    11 |     2 ||    13
 Cast: Pain              |    57 |    18 |     8 |       ||    83
       Vampiric Draining |     9 |    15 |    84 |    41 ||   149
       Animate Dead      |       |       |    13 |     3 ||    16
       Dispel Undead     |       |       |       |     5 ||     5
Invok: Receive Corpses   |       |       |     1 |       ||     1
 Abil: Heal Wounds       |       |       |     1 |    11 ||    12
  Use: Scroll            |       |     6 |     7 |     2 ||    15
       Potion            |       |       |     1 |     3 ||     4
 Stab: Sleeping          |     6 |     2 |     1 |       ||     9
       Distracted        |       |       |     1 |       ||     1
Armor: Robe              |    14 |       |       |       ||    14
       Ring mail         |    11 |    73 |   236 |    61 ||   381
Dodge: Dodged            |    90 |    71 |   161 |    81 ||   403
Block: Kite shield       |       |       |   151 |   164 ||   315
